Canucks vs Maple Leafs

Created - 27 novembre 2017 at 17:00

Goals
1 2 3 T
Canucks 1 0 4 5
Maple Leafs 1 1 1 3
Shots
1 2 3 T
Canucks 7 13 16 36
Maple Leafs 5 12 13 30

1st period

1. Maple Leafs , Mike Hoffman 11 (Travis Zajac 9, Bobby Ryan 3) at 7:59
2. Canucks , Blake Wheeler 9 (Gustav Nyquist 8) at 8:33

Penalties :
Alex Petrovic (VAN) for High sticking (Minor) at 11:45

2nd period

3. Maple Leafs , Nicklas Jensen 3 (Steven Santini 6) at 18:39

Penalties :
Thomas Hickey (VAN) for Roughing (Minor) at 19:30

3rd period

4. Canucks , James van Riemsdyk 7 (Ryan Getzlaf 15, Oscar Klefbom 3) at 3:22
5. Canucks , Jordan Martinook 7 (Derek Ryan 8) at 5:52
6. Maple Leafs , Hampus Lindholm 1 (Travis Zajac 10, Bobby Ryan 4) at 11:42
7. Canucks , Blake Wheeler 10 (Dan Hamhuis 6, Oscar Klefbom 4) at 12:30
8. Canucks , Ryan Getzlaf 8 (Erik Johnson 7) at 19:34 (Empty Net)

Penalties :
Mike Hoffman (TOR) for Hooking (Minor) at 16:17

Goalie Stats

Peter Budaj (VAN), 27 saves from 30 shots - (0,900), W, 9-7-2, 60:00 minutes
Marc-Andre Fleury (TOR), 31 saves from 35 shots - (0,886), L, 5-8-6, 59:36 minutes

Players Stats for Canucks

Player Name              G  A  P  +/- PIM S  H  SB GA TA FO     MP     PP MP  PK MP  
------------------------------------------------------------------------------------
Alex Petrovic            0  0  0   0  2   0  3  0  0  1  0/0    15:14   0:37   1:34 
Blake Wheeler            2  0  2   1  0   2  0  0  1  0  1/1    16:10   1:02   0:44 
Brandon Sutter           0  0  0   1  0   2  3  2  0  0  1/6    22:13   0:00   1:57 
Brandon Tanev            0  0  0  -1  0   0  1  1  0  0  0/0     8:27   0:00   0:00 
Dan Hamhuis              0  1  1  -1  0   1  0  3  0  2  0/0    21:24   0:00   1:38 
Derek Ryan               0  1  1   1  0   3  1  0  1  0  6/11   11:42   0:57   0:00 
Erik Johnson             0  1  1   3  0   3  2  0  0  1  0/0    24:45   1:22   2:03 
Gustav Nyquist           0  1  1   1  0   3  0  0  0  0  0/0    14:20   0:57   0:00 
James van Riemsdyk       1  0  1   0  0   7  2  1  1  0  0/0    18:19   0:57   0:00 
Johnny Oduya             0  0  0   0  0   1  0  1  0  0  0/0    21:28   0:00   1:04 
Jordan Martinook         1  0  1   2  0   1  1  0  0  0  0/0    13:51   0:00   2:22 
Matt Calvert             0  0  0   1  0   0  2  0  0  0  0/1    10:58   0:00   0:00 
Mika Zibanejad           0  0  0   1  0   1  3  0  1  0  3/12   16:40   1:02   0:00 
Oscar Klefbom            0  2  2   2  0   1  0  0  1  1  0/0    23:50   1:22   0:51 
Pierre-Edouard Bellemare 0  0  0  -1  0   1  2  0  0  1  0/1    12:58   0:00   1:34 
Ryan Getzlaf             1  1  2   1  0   4  3  0  1  0  16/22  20:05   1:02   0:55 
Thomas Hickey            0  0  0   0  2   4  0  0  0  0  0/0    13:54   0:37   0:46 
Tom Pyatt                0  0  0  -1  0   2  1  0  0  0  0/1     9:42   0:00   0:24 

Players Stats for Maple Leafs

Player Name              G  A  P  +/- PIM S  H  SB GA TA FO     MP     PP MP  PK MP  
------------------------------------------------------------------------------------
Anze Kopitar             0  0  0  -4  0   4  1  1  0  0  17/26  19:40   2:17   0:19 
Bobby Ryan               0  2  2   2  0   1  2  2  2  0  2/3    18:05   1:52   0:52 
Boyd Gordon              0  0  0   0  0   0  0  0  0  0  0/0    10:01   0:18   0:00 
Fredrik Claesson         0  0  0   0  0   0  0  0  0  0  0/0    16:07   0:00   1:06 
Hampus Lindholm          1  0  1  -3  0   3  1  4  1  2  0/0    26:05   1:22   1:14 
Lars Eller               0  0  0   0  0   1  4  0  2  1  3/8    13:00   0:17   0:47 
Logan Couture            0  0  0  -4  0   1  0  1  0  1  1/2    19:04   1:41   0:20 
Luke Schenn              0  0  0  -2  0   0  3  0  0  1  0/0    23:27   0:00   0:00 
Mike Hoffman             1  0  1   1  2   6  3  1  0  0  0/1    18:00   1:52   0:00 
Mikhail Sergachev        0  0  0   0  0   4  1  1  0  0  0/0    19:07   2:36   0:08 
Nicklas Jensen           1  0  1   0  0   1  0  0  0  0  0/0    11:56   0:00   0:00 
Nikolaj Ehlers           0  0  0  -3  0   2  1  0  1  0  0/3    17:56   1:41   0:00 
Sergey Kalinin           0  0  0   0  0   0  1  0  0  0  0/0     9:43   0:00   0:00 
Stephen Gionta           0  0  0   0  0   0  1  1  0  0  0/0    12:43   0:00   0:47 
Steven Santini           0  1  1   1  0   1  1  0  0  0  0/0    17:35   2:36   0:45 
Toby Enstrom             0  0  0   0  0   0  1  2  0  1  0/0    17:39   1:22   0:45 
Tom Kostopoulos          0  0  0   0  0   2  1  0  0  0  0/0    10:08   0:25   0:00 
Travis Zajac             0  2  2   2  0   4  0  0  0  0  5/12   17:44   1:31   0:53 

3 Stars

1 - Blake Wheeler (VAN)
2 - Ryan Getzlaf (VAN)
3 - Jordan Martinook (VAN)

Power Play

Canucks - 0 on 1 Attempt(s) - 0,00%
Maple Leafs - 0 on 2 Attempt(s) - 0,00%

Penalty Kill

Canucks - 2 on 2 Attempt(s) - 100,00% - Score 0 goal in Penalty Kill
Maple Leafs - 1 on 1 Attempt(s) - 100,00% - Score 0 goal in Penalty Kill

Team Stat

Canucks - Hits : 24 - Faceoff Wins : 27 - Blocked Shots : 8 - Penalty Minutes : 4
Maple Leafs - Hits : 21 - Faceoff Wins : 28 - Blocked Shots : 13 - Penalty Minutes : 2

Official

Referees : Dan O'Rourke and Marc Joannette
Linesman : Pierre Racicot and Greg Devorski

Game Notes

19:38 of 2nd period - Maple Leafs goal is going for a video replay. After video review, No Goal. The goalkeeper has been pushed into the net together with the puck after making a save.
Ryan Getzlaf has scored in a empty net!

Finance

Level 1 -- Attendance: 3892 (64,87%) -- Ticket Income 428 120 $
Level 2 -- Attendance: 3552 (71,04%) -- Ticket Income 230 880 $
Level 3 -- Attendance: 1287 (64,35%) -- Ticket Income 57 915 $
Level 4 -- Attendance: 3504 (87,60%) -- Ticket Income 77 088 $
Luxury Box -- Attendance: 621 (62,10%) -- Ticket Income 139 725 $
Game was played at the Air Canada Center.
Total Attendance: 12856 (71,42%)
Total Ticket Income: 933 728 $
Other Income: 457 527 $
Total Income: 1 391 255 $

Canucks

5 vs 5 Forward 
   Center                   Left Wing                Right Wing               Time % Phy DF OF 
 1 Mika Zibanejad           Blake Wheeler            Gustav Nyquist           35     1   0  4  
 2 Ryan Getzlaf             James van Riemsdyk       Brandon Sutter           35     1   1  3  
 3 Derek Ryan               Jordan Martinook         Matt Calvert             20     1   4  0  
 4 Pierre-Edouard Bellemare Tom Pyatt                Brandon Tanev            10     1   2  2  

5 vs 5 Defense 
   Defense                  Defense                                           Time % Phy DF OF 
 1 Erik Johnson             Oscar Klefbom                                     40     1   0  4  
 2 Dan Hamhuis              Johnny Oduya                                      30     1   2  2  
 3 Alex Petrovic            Thomas Hickey                                     20     1   2  2  
 4 Dan Hamhuis              Johnny Oduya                                      10     1   2  2  

PowerPlay Forward 
   Center                   Left Wing                Right Wing               Time % Phy DF OF 
 1 Ryan Getzlaf             Mika Zibanejad           Blake Wheeler            99     1   0  4  
 2 Derek Ryan               James van Riemsdyk       Gustav Nyquist           1      1   0  4  

PowerPlay Defense
   Defense                  Defense                                           Time % Phy DF OF 
 1 Erik Johnson             Oscar Klefbom                                     99     1   0  4  
 2 Alex Petrovic            Thomas Hickey                                     1      1   0  4  

Penalty Kill 4 Players Forward 
   Center                   Wing                     Time % Phy DF OF 
 1 Brandon Sutter           Jordan Martinook         70     1   4  0  
 2 Pierre-Edouard Bellemare Tom Pyatt                30     1   4  0  

Penalty Kill 4 Players Defense
   Defense                  Defense                  Time % Phy DF OF 
 1 Thomas Hickey            Alex Petrovic            70     1   4  0  
 2 Dan Hamhuis              Johnny Oduya             30     1   4  0  

Penalty Kill - 3 Players Forward 
   Forward                                           Time % Phy DF OF 
 1 Pierre-Edouard Bellemare                          50     1   4  0  
 2 Brandon Sutter                                    50     1   4  0  

Penalty Kill - 3 Players Defense
   Defense                  Defense                  Time % Phy DF OF 
 1 Thomas Hickey            Alex Petrovic            50     1   4  0  
 2 Dan Hamhuis              Johnny Oduya             50     1   4  0  

4 vs 4 Forward 
   Center                   Wing                     Time % Phy DF OF 
 1 Mika Zibanejad           Blake Wheeler            50     1   2  2  
 2 Ryan Getzlaf             James van Riemsdyk       50     1   2  2  

4 vs 4 Defense
   Defense                  Defense                  Time % Phy DF OF 
 1 Thomas Hickey            Alex Petrovic            50     1   2  2  
 2 Johnny Oduya             Dan Hamhuis              50     1   2  2  

Last Minutes Offensive
   Center                   Left Wing                Right Wing               Defense                  Defense                  
   Ryan Getzlaf             James van Riemsdyk       Blake Wheeler            Erik Johnson             Oscar Klefbom            

Last Minutes Defensive
   Center                   Left Wing                Right Wing               Defense                  Defense                  
   Ryan Getzlaf             Jordan Martinook         Brandon Sutter           Erik Johnson             Johnny Oduya             

Goaltenders
Starting : Peter Budaj              
Backup : Ben Bishop               

Extra Forwards
Normal : Mika Zibanejad, Matt Calvert, Pierre-Edouard Bellemare - PP : Jordan Martinook, Tom Pyatt - PK : Ryan Getzlaf
Extra Defensemen
Normal : Thomas Hickey, Johnny Oduya, Dan Hamhuis - PP : Alex Petrovic - PK : Erik Johnson, Oscar Klefbom
Penalty Shots
Blake Wheeler, Mika Zibanejad, Brandon Sutter, Ryan Getzlaf, Gustav Nyquist
Custom OT Lines Forwards
Ryan Getzlaf, Blake Wheeler, Mika Zibanejad, James van Riemsdyk, Brandon Sutter, Gustav Nyquist, Jordan Martinook, Matt Calvert, Derek Ryan, Pierre-Edouard Bellemare
Custom OT Lines Defensemen
Oscar Klefbom, Erik Johnson, Dan Hamhuis, Alex Petrovic, Thomas Hickey

Scratches
Charles McAvoy (Healthy), Kevin Bieksa (Healthy), Eric Gryba (Healthy)

Maple Leafs

5 vs 5 Forward 
   Center                   Left Wing                Right Wing               Time % Phy DF OF 
 1 Anze Kopitar             Logan Couture            Nikolaj Ehlers           40     0   2  3  
 2 Travis Zajac             Bobby Ryan               Mike Hoffman             30     0   2  3  
 3 Lars Eller               Nicklas Jensen           Stephen Gionta           20     0   3  2  
 4 Sergey Kalinin           Tom Kostopoulos          Boyd Gordon              10     0   5  0  

5 vs 5 Defense 
   Defense                  Defense                                           Time % Phy DF OF 
 1 Hampus Lindholm          Luke Schenn                                       40     0   3  2  
 2 Toby Enstrom             Mikhail Sergachev                                 30     0   3  2  
 3 Fredrik Claesson         Steven Santini                                    20     0   5  0  
 4 Hampus Lindholm          Luke Schenn                                       10     0   5  0  

PowerPlay Forward 
   Center                   Left Wing                Right Wing               Time % Phy DF OF 
 1 Anze Kopitar             Bobby Ryan               Mike Hoffman             60     0   0  5  
 2 Travis Zajac             Logan Couture            Nikolaj Ehlers           40     0   0  5  

PowerPlay Defense
   Defense                  Defense                                           Time % Phy DF OF 
 1 Steven Santini           Mikhail Sergachev                                 60     0   0  5  
 2 Toby Enstrom             Hampus Lindholm                                   40     0   0  5  

Penalty Kill 4 Players Forward 
   Center                   Wing                     Time % Phy DF OF 
 1 Travis Zajac             Bobby Ryan               60     0   5  0  
 2 Logan Couture            Mike Hoffman             40     0   5  0  

Penalty Kill 4 Players Defense
   Defense                  Defense                  Time % Phy DF OF 
 1 Hampus Lindholm          Fredrik Claesson         60     1   4  0  
 2 Toby Enstrom             Steven Santini           40     0   5  0  

Penalty Kill - 3 Players Forward 
   Forward                                           Time % Phy DF OF 
 1 Travis Zajac                                      60     0   5  0  
 2 Anze Kopitar                                      40     0   5  0  

Penalty Kill - 3 Players Defense
   Defense                  Defense                  Time % Phy DF OF 
 1 Hampus Lindholm          Luke Schenn              60     0   5  0  
 2 Toby Enstrom             Steven Santini           40     0   5  0  

4 vs 4 Forward 
   Center                   Wing                     Time % Phy DF OF 
 1 Anze Kopitar             Travis Zajac             60     0   3  2  
 2 Logan Couture            Mike Hoffman             40     0   3  2  

4 vs 4 Defense
   Defense                  Defense                  Time % Phy DF OF 
 1 Fredrik Claesson         Hampus Lindholm          60     0   3  2  
 2 Toby Enstrom             Steven Santini           40     0   3  2  

Last Minutes Offensive
   Center                   Left Wing                Right Wing               Defense                  Defense                  
   Anze Kopitar             Logan Couture            Mike Hoffman             Hampus Lindholm          Mikhail Sergachev        

Last Minutes Defensive
   Center                   Left Wing                Right Wing               Defense                  Defense                  
   Anze Kopitar             Logan Couture            Mike Hoffman             Hampus Lindholm          Mikhail Sergachev        

Goaltenders
Starting : Marc-Andre Fleury        
Backup : Petr Mrazek              

Extra Forwards
Normal : Lars Eller, Tom Kostopoulos, Stephen Gionta - PP : Lars Eller, Tom Kostopoulos - PK : Stephen Gionta
Extra Defensemen
Normal : Fredrik Claesson, Hampus Lindholm, Toby Enstrom - PP : Fredrik Claesson - PK : Hampus Lindholm, Toby Enstrom
Penalty Shots
Anze Kopitar, Logan Couture, Bobby Ryan, Nicklas Jensen, Lars Eller
Custom OT Lines Forwards
Anze Kopitar, Travis Zajac, Logan Couture, Mike Hoffman, Nikolaj Ehlers, Bobby Ryan, Lars Eller, Tom Kostopoulos, Stephen Gionta, Sergey Kalinin
Custom OT Lines Defensemen
Mikhail Sergachev, Hampus Lindholm, Toby Enstrom, Steven Santini, Fredrik Claesson

Scratches
*salaire Leafs* (Suspend), Jeff Petry (Right Leg Injury)

% Time on Ice - Canucks

Lines # - Real PCT - Wanted PCT - Time Play
Normal Forward
1 - 31% - 35% - 16:36
2 - 33% - 35% - 17:31
3 - 20% - 20% - 10:42
4 - 16% - 10% - 8:27
Normal Defense
1 - 41% - 40% - 21:37
2 - 30% - 30% - 15:43
3 - 23% - 20% - 12:02
4 - 7% - 10% - 3:54
PP Forward
1 - 52% - 99% - 1:02
2 - 48% - 1% - 0:57
PP Defense
1 - 69% - 99% - 1:22
2 - 31% - 1% - 0:37
PK Forward
1 - 100% - 70% - 3:58
2 - 0% - 30% - 0:00
PK Defense
1 - 73% - 70% - 2:54
2 - 27% - 30% - 1:04
PK3 Forward
1 - 0% - 50%
2 - 0% - 50%
PK3 Defense
1 - 0% - 50%
2 - 0% - 50%
44 Forward
1 - 0% - 50%
2 - 0% - 50%
44 Defense
1 - 0% - 50%
2 - 0% - 50%
Last Minute Offensive  - 0:00
Last Minute Defensive  - 0:47
Total
Forward - 60:00
Defense - 60:00

% Time on Ice - Maple Leafs

Lines # - Real PCT - Wanted PCT - Time Play
Normal Forward
1 - 31% - 40% - 16:16
2 - 29% - 30% - 15:20
3 - 22% - 20% - 11:56
4 - 18% - 10% - 9:43
Normal Defense
1 - 38% - 40% - 20:25
2 - 29% - 30% - 15:32
3 - 27% - 20% - 14:11
4 - 6% - 10% - 3:07
PP Forward
1 - 58% - 60% - 2:17
2 - 42% - 40% - 1:41
PP Defense
1 - 66% - 60% - 2:36
2 - 34% - 40% - 1:22
PK Forward
1 - 83% - 60% - 1:39
2 - 17% - 40% - 0:20
PK Defense
1 - 62% - 60% - 1:14
2 - 38% - 40% - 0:45
PK3 Forward
1 - 0% - 60%
2 - 0% - 40%
PK3 Defense
1 - 0% - 60%
2 - 0% - 40%
44 Forward
1 - 0% - 60%
2 - 0% - 40%
44 Defense
1 - 0% - 60%
2 - 0% - 40%
Last Minute Offensive  - 0:48
Last Minute Defensive  - 0:00
Total
Forward - 60:00
Defense - 60:00

Play by Play

1st period


0:01 of 1st period - Anze Kopitar wins face-off versus Mika Zibanejad in neutral zone.
0:26 of 1st period - Bobby Ryan is hit by Ryan Getzlaf and loses puck.
2:07 of 1st period - Jordan Martinook is hit by Toby Enstrom and loses puck.
3:15 of 1st period - Snap shot by James van Riemsdyk.
3:15 of 1st period - Shot Misses the Net.
3:17 of 1st period - Wrist shot by Brandon Sutter.
3:17 of 1st period - Deflect By James van Riemsdyk.
3:17 of 1st period - Deflect By Stephen Gionta.
3:17 of 1st period - Shot Misses the Net.
3:17 of 1st period - Puck is out of play.
3:18 of 1st period - Travis Zajac wins face-off versus Mika Zibanejad in Maple Leafs zone.
3:45 of 1st period - Brandon Sutter is hit by Nikolaj Ehlers and loses puck.
4:40 of 1st period - Travis Zajac is hit by Alex Petrovic and loses puck.
4:57 of 1st period - Snap shot by Mika Zibanejad.
4:57 of 1st period - Stopped by Marc-Andre Fleury without a rebound.
4:58 of 1st period - Anze Kopitar wins face-off versus Ryan Getzlaf in Maple Leafs zone.
5:21 of 1st period - Brandon Sutter is hit by Anze Kopitar and loses puck.
5:32 of 1st period - Snap shot by Logan Couture.
5:32 of 1st period - Stopped by Peter Budaj without a rebound.
5:33 of 1st period - Travis Zajac wins face-off versus Mika Zibanejad in Canucks zone.
5:40 of 1st period - Snap shot by Travis Zajac.
5:40 of 1st period - Shot Misses the Net.
6:25 of 1st period - Bobby Ryan is hit by Ryan Getzlaf.
6:33 of 1st period - Steven Santini is hit by Brandon Sutter.
6:37 of 1st period - Snap shot by Mike Hoffman.
6:37 of 1st period - Stopped by Peter Budaj without a rebound.
6:38 of 1st period - Mika Zibanejad wins face-off versus Anze Kopitar in Canucks zone.
6:46 of 1st period - Off-side.
6:47 of 1st period - Anze Kopitar wins face-off versus Mika Zibanejad in neutral zone.
7:01 of 1st period - Snap shot by Nikolaj Ehlers.
7:01 of 1st period - Stopped by Peter Budaj without a rebound.
7:02 of 1st period - Lars Eller wins face-off versus Ryan Getzlaf in Canucks zone.
7:57 of 1st period - Slapshot by Travis Zajac.
7:57 of 1st period - Shot Misses the Net.
7:59 of 1st period - Snap shot by Travis Zajac.
7:59 of 1st period - Deflect By Mike Hoffman.
7:59 of 1st period - Goal by Mike Hoffman - Canucks : 0 - Maple Leafs : 1.
8:00 of 1st period - Ryan Getzlaf wins face-off versus Lars Eller in neutral zone.
8:07 of 1st period - Snap shot by James van Riemsdyk.
8:07 of 1st period - Shot Blocked by Hampus Lindholm.
8:09 of 1st period - Snap shot by James van Riemsdyk.
8:09 of 1st period - Deflect By Brandon Sutter.
8:09 of 1st period - Shot Blocked by Hampus Lindholm.
8:09 of 1st period - Puck is out of play.
8:10 of 1st period - Ryan Getzlaf wins face-off versus Lars Eller in Maple Leafs zone.
8:11 of 1st period - Wrist shot by James van Riemsdyk.
8:11 of 1st period - Shot Blocked by Hampus Lindholm.
8:13 of 1st period - Wrist shot by James van Riemsdyk.
8:13 of 1st period - Shot Misses the Net.
8:15 of 1st period - Slapshot by Brandon Sutter.
8:15 of 1st period - Stopped by Marc-Andre Fleury with a rebound.
8:23 of 1st period - Wrist shot by Ryan Getzlaf.
8:23 of 1st period - Stopped by Marc-Andre Fleury with a rebound.
8:25 of 1st period - Slapshot by Erik Johnson.
8:25 of 1st period - Stopped by Marc-Andre Fleury without a rebound.
8:26 of 1st period - Blake Wheeler wins face-off versus Nikolaj Ehlers in Maple Leafs zone.
8:33 of 1st period - Slapshot by Blake Wheeler.
8:33 of 1st period - Goal by Blake Wheeler - Canucks : 1 - Maple Leafs : 1.
8:34 of 1st period - Mika Zibanejad wins face-off versus Nikolaj Ehlers in neutral zone.
8:45 of 1st period - Snap shot by Mika Zibanejad.
8:45 of 1st period - Shot Misses the Net.
8:47 of 1st period - Slapshot by Oscar Klefbom.
8:47 of 1st period - Shot Blocked by Hampus Lindholm.
9:23 of 1st period - Toby Enstrom is hit by Erik Johnson and loses puck.
9:34 of 1st period - Slapshot by Ryan Getzlaf.
9:34 of 1st period - Shot Blocked by Bobby Ryan.
9:50 of 1st period - Wrist shot by Blake Wheeler.
9:50 of 1st period - Shot Blocked by Toby Enstrom.
9:56 of 1st period - Wrist shot by Blake Wheeler.
9:56 of 1st period - Shot Hit the Post.
10:38 of 1st period - Wrist shot by Pierre-Edouard Bellemare.
10:38 of 1st period - Shot Misses the Net.
10:44 of 1st period - Snap shot by Mike Hoffman.
10:44 of 1st period - Shot Blocked by Dan Hamhuis.
10:46 of 1st period - Slapshot by Travis Zajac.
10:46 of 1st period - Stopped by Peter Budaj without a rebound.
10:47 of 1st period - Ryan Getzlaf wins face-off versus Anze Kopitar in Canucks zone.
11:45 of 1st period - Minor Penalty to Alex Petrovic for High sticking.
11:46 of 1st period - Brandon Sutter wins face-off versus Travis Zajac in Canucks zone.
12:39 of 1st period - Pierre-Edouard Bellemare is hit by Bobby Ryan and loses puck.
13:45 of 1st period - Penalty to Alex Petrovic is over, Alex Petrovic is back on ice.
13:57 of 1st period - Mika Zibanejad is hit by Lars Eller and loses puck.
14:22 of 1st period - Sergey Kalinin is hit by Pierre-Edouard Bellemare and loses puck.
14:43 of 1st period - Oscar Klefbom is hit by Sergey Kalinin and loses puck.
14:50 of 1st period - Mikhail Sergachev is hit by Brandon Sutter and loses puck.
15:02 of 1st period - Toby Enstrom is hit by Alex Petrovic and loses puck.
15:11 of 1st period - Alex Petrovic is hit by Luke Schenn and loses puck.
15:35 of 1st period - Mika Zibanejad is hit by Steven Santini and loses puck.
15:46 of 1st period - Snap shot by Brandon Sutter.
15:46 of 1st period - Shot Misses the Net.
16:30 of 1st period - Snap shot by Brandon Sutter.
16:30 of 1st period - Stopped by Marc-Andre Fleury without a rebound.
16:31 of 1st period - Derek Ryan wins face-off versus Nikolaj Ehlers in Maple Leafs zone.
16:32 of 1st period - Slapshot by Oscar Klefbom.
16:32 of 1st period - Stopped by Marc-Andre Fleury without a rebound.
16:33 of 1st period - Anze Kopitar wins face-off versus Derek Ryan in Maple Leafs zone.
16:37 of 1st period - Icing by Anze Kopitar.
16:38 of 1st period - Anze Kopitar wins face-off versus Derek Ryan in Maple Leafs zone.
17:21 of 1st period - Wrist shot by Anze Kopitar.
17:21 of 1st period - Deflect By Nikolaj Ehlers.
17:21 of 1st period - Shot Misses the Net.
17:21 of 1st period - Puck is out of play.
17:22 of 1st period - Lars Eller wins face-off versus Tom Pyatt in Canucks zone.
18:27 of 1st period - Travis Zajac is hit by Derek Ryan and loses puck.
19:00 of 1st period - Icing by Ryan Getzlaf.
19:01 of 1st period - Anze Kopitar wins face-off versus Derek Ryan in Canucks zone.
19:26 of 1st period - Ryan Getzlaf is hit by Mike Hoffman and loses puck.
19:46 of 1st period - Stephen Gionta is hit by Mika Zibanejad and loses puck.
Goals for this period are 1 for Canucks vs 1 for Maple Leafs.
Shots for this period are 7 for Canucks vs 5 for Maple Leafs.

2nd period


0:01 of 2nd period - Anze Kopitar wins face-off versus Ryan Getzlaf in neutral zone.
0:32 of 2nd period - Wrist shot by Mike Hoffman.
0:32 of 2nd period - Stopped by Peter Budaj without a rebound.
0:33 of 2nd period - Derek Ryan wins face-off versus Travis Zajac in Canucks zone.
0:41 of 2nd period - Off-side.
0:42 of 2nd period - Ryan Getzlaf wins face-off versus Travis Zajac in neutral zone.
0:45 of 2nd period - Toby Enstrom is hit by Brandon Sutter and loses puck.
1:10 of 2nd period - Wrist shot by Derek Ryan.
1:10 of 2nd period - Stopped by Marc-Andre Fleury with a rebound.
1:30 of 2nd period - Blake Wheeler is hit by Mikhail Sergachev and loses puck.
1:49 of 2nd period - Snap shot by Mike Hoffman.
1:49 of 2nd period - Shot Blocked by Dan Hamhuis.
2:13 of 2nd period - Wrist shot by Gustav Nyquist.
2:13 of 2nd period - Stopped by Marc-Andre Fleury without a rebound.
2:14 of 2nd period - Anze Kopitar wins face-off versus Ryan Getzlaf in Maple Leafs zone.
2:25 of 2nd period - Wrist shot by Nikolaj Ehlers.
2:25 of 2nd period - Shot Blocked by James van Riemsdyk.
3:08 of 2nd period - Wrist shot by Tom Pyatt.
3:08 of 2nd period - Stopped by Marc-Andre Fleury without a rebound.
3:09 of 2nd period - Anze Kopitar wins face-off versus Ryan Getzlaf in Maple Leafs zone.
3:20 of 2nd period - Snap shot by James van Riemsdyk.
3:20 of 2nd period - Stopped by Marc-Andre Fleury with a rebound.
3:36 of 2nd period - Blake Wheeler is hit by Lars Eller and loses puck.
4:55 of 2nd period - Wrist shot by Blake Wheeler.
4:55 of 2nd period - Shot Blocked by Bobby Ryan.
5:55 of 2nd period - Mikhail Sergachev is hit by Brandon Tanev and loses puck.
6:11 of 2nd period - Snap shot by Gustav Nyquist.
6:11 of 2nd period - Stopped by Marc-Andre Fleury with a rebound.
6:13 of 2nd period - Slapshot by Thomas Hickey.
6:13 of 2nd period - Shot Blocked by Anze Kopitar.
6:15 of 2nd period - Slapshot by Thomas Hickey.
6:15 of 2nd period - Stopped by Marc-Andre Fleury with a rebound.
6:17 of 2nd period - Slapshot by Thomas Hickey.
6:17 of 2nd period - Stopped by Marc-Andre Fleury without a rebound.
6:18 of 2nd period - Ryan Getzlaf wins face-off versus Lars Eller in Maple Leafs zone.
8:09 of 2nd period - Gustav Nyquist is hit by Mike Hoffman and loses puck.
8:24 of 2nd period - Luke Schenn is hit by Matt Calvert and loses puck.
8:49 of 2nd period - Pierre-Edouard Bellemare is hit by Tom Kostopoulos and loses puck.
9:35 of 2nd period - Snap shot by Tom Kostopoulos.
9:35 of 2nd period - Shot Misses the Net.
9:37 of 2nd period - Slapshot by Hampus Lindholm.
9:37 of 2nd period - Shot Blocked by Brandon Tanev.
9:39 of 2nd period - Snap shot by Tom Kostopoulos.
9:39 of 2nd period - Stopped by Peter Budaj without a rebound.
9:40 of 2nd period - Ryan Getzlaf wins face-off versus Anze Kopitar in Canucks zone.
10:07 of 2nd period - Wrist shot by Derek Ryan.
10:07 of 2nd period - Shot Misses the Net.
11:09 of 2nd period - Icing by Oscar Klefbom.
11:10 of 2nd period - Ryan Getzlaf wins face-off versus Lars Eller in Canucks zone.
12:54 of 2nd period - Snap shot by Travis Zajac.
12:54 of 2nd period - Shot Misses the Net.
13:00 of 2nd period - Alex Petrovic is hit by Hampus Lindholm and loses puck.
13:19 of 2nd period - Snap shot by James van Riemsdyk.
13:19 of 2nd period - Shot Misses the Net.
13:35 of 2nd period - Steven Santini is hit by Jordan Martinook and loses puck.
13:44 of 2nd period - Slapshot by Derek Ryan.
13:44 of 2nd period - Shot Misses the Net.
14:19 of 2nd period - Snap shot by Blake Wheeler.
14:19 of 2nd period - Shot Misses the Net.
14:25 of 2nd period - Slapshot by Gustav Nyquist.
14:25 of 2nd period - Shot Misses the Net.
14:27 of 2nd period - Slapshot by Johnny Oduya.
14:27 of 2nd period - Stopped by Marc-Andre Fleury with a rebound.
15:06 of 2nd period - Slapshot by Derek Ryan.
15:06 of 2nd period - Stopped by Marc-Andre Fleury without a rebound.
15:07 of 2nd period - Ryan Getzlaf wins face-off versus Anze Kopitar in Maple Leafs zone.
15:38 of 2nd period - Thomas Hickey is hit by Lars Eller and loses puck.
15:45 of 2nd period - Nicklas Jensen is hit by Ryan Getzlaf and loses puck.
16:02 of 2nd period - Snap shot by Ryan Getzlaf.
16:02 of 2nd period - Shot Misses the Net.
16:04 of 2nd period - Slapshot by Dan Hamhuis.
16:04 of 2nd period - Stopped by Marc-Andre Fleury with a rebound.
16:06 of 2nd period - Wrist shot by James van Riemsdyk.
16:06 of 2nd period - Stopped by Marc-Andre Fleury without a rebound.
16:07 of 2nd period - Anze Kopitar wins face-off versus Mika Zibanejad in Maple Leafs zone.
16:07 of 2nd period - Anze Kopitar is hit by Mika Zibanejad.
16:39 of 2nd period - Wrist shot by Jordan Martinook.
16:39 of 2nd period - Deflect By Travis Zajac.
16:39 of 2nd period - Shot Hit the Post.
16:39 of 2nd period - Puck is out of play.
16:40 of 2nd period - Anze Kopitar wins face-off versus Matt Calvert in Maple Leafs zone.
16:40 of 2nd period - Anze Kopitar is hit by Matt Calvert.
17:33 of 2nd period - Wrist shot by Pierre-Edouard Bellemare.
17:33 of 2nd period - Deflect By Tom Pyatt.
17:33 of 2nd period - Stopped by Marc-Andre Fleury with a rebound.
18:05 of 2nd period - Snap shot by Nicklas Jensen.
18:05 of 2nd period - Shot Blocked by Dan Hamhuis.
18:07 of 2nd period - Snap shot by Lars Eller.
18:07 of 2nd period - Stopped by Peter Budaj with a rebound.
18:19 of 2nd period - Snap shot by Stephen Gionta.
18:19 of 2nd period - Shot Misses the Net.
18:31 of 2nd period - Snap shot by Nicklas Jensen.
18:31 of 2nd period - Shot Blocked by Johnny Oduya.
18:39 of 2nd period - Snap shot by Nicklas Jensen.
18:39 of 2nd period - Goal by Nicklas Jensen - Canucks : 1 - Maple Leafs : 2.
18:40 of 2nd period - Ryan Getzlaf wins face-off versus Anze Kopitar in neutral zone.
18:55 of 2nd period - Snap shot by Anze Kopitar.
18:55 of 2nd period - Stopped by Peter Budaj with a rebound.
19:01 of 2nd period - Ryan Getzlaf is hit by Luke Schenn and loses puck.
19:08 of 2nd period - Wrist shot by James van Riemsdyk.
19:08 of 2nd period - Stopped by Marc-Andre Fleury without a rebound.
19:09 of 2nd period - Travis Zajac wins face-off versus Mika Zibanejad in Maple Leafs zone.
19:20 of 2nd period - Snap shot by Bobby Ryan.
19:20 of 2nd period - Shot Misses the Net.
19:22 of 2nd period - Snap shot by Travis Zajac.
19:22 of 2nd period - Shot Misses the Net.
19:24 of 2nd period - Slapshot by Mike Hoffman.
19:24 of 2nd period - Shot Misses the Net.
19:30 of 2nd period - Minor Penalty to Thomas Hickey for Roughing.
19:31 of 2nd period - Anze Kopitar wins face-off versus Brandon Sutter in Canucks zone.
19:34 of 2nd period - Wrist shot by Anze Kopitar.
19:34 of 2nd period - Stopped by Peter Budaj with a rebound.
19:36 of 2nd period - Backhand shot by Mikhail Sergachev.
19:36 of 2nd period - Stopped by Peter Budaj with a rebound.
19:38 of 2nd period - Slapshot by Mikhail Sergachev.
19:38 of 2nd period - Deflect By Brandon Sutter.
19:38 of 2nd period - Maple Leafs goal is going for a video replay.
19:38 of 2nd period - The goal is refused. The goalkeeper has been pushed into the net together with the puck after making a save..
19:39 of 2nd period - Bobby Ryan wins face-off versus Brandon Sutter in Canucks zone.
19:44 of 2nd period - Slapshot by Mike Hoffman.
19:44 of 2nd period - Stopped by Peter Budaj with a rebound.
19:46 of 2nd period - Slapshot by Mikhail Sergachev.
19:46 of 2nd period - Shot Misses the Net.
19:48 of 2nd period - Slapshot by Steven Santini.
19:48 of 2nd period - Stopped by Peter Budaj with a rebound.
19:50 of 2nd period - Snap shot by Mike Hoffman.
19:50 of 2nd period - Shot Misses the Net.
19:52 of 2nd period - Slapshot by Steven Santini.
19:52 of 2nd period - Shot Blocked by Brandon Sutter.
19:54 of 2nd period - Slapshot by Anze Kopitar.
19:54 of 2nd period - Stopped by Peter Budaj with a rebound.
19:56 of 2nd period - Wrist shot by Bobby Ryan.
19:56 of 2nd period - Shot Misses the Net.
19:58 of 2nd period - Slapshot by Mikhail Sergachev.
19:58 of 2nd period - Stopped by Peter Budaj without a rebound.
19:59 of 2nd period - Travis Zajac wins face-off versus Brandon Sutter in Canucks zone.
Goals for this period are 0 for Canucks vs 1 for Maple Leafs.
Shots for this period are 13 for Canucks vs 12 for Maple Leafs.

3rd period


0:01 of 3rd period - Anze Kopitar wins face-off versus Brandon Sutter in neutral zone.
0:04 of 3rd period - Jordan Martinook is hit by Bobby Ryan and loses puck.
0:17 of 3rd period - Backhand shot by Mike Hoffman.
0:17 of 3rd period - Stopped by Peter Budaj with a rebound.
1:30 of 3rd period - Penalty to Thomas Hickey is over, Thomas Hickey is back on ice.
1:47 of 3rd period - Hampus Lindholm is hit by Pierre-Edouard Bellemare and loses puck.
2:07 of 3rd period - Snap shot by Ryan Getzlaf.
2:07 of 3rd period - Stopped by Marc-Andre Fleury without a rebound.
2:08 of 3rd period - Ryan Getzlaf wins face-off versus Lars Eller in Maple Leafs zone.
2:39 of 3rd period - Johnny Oduya is hit by Lars Eller and loses puck.
3:22 of 3rd period - Slapshot by James van Riemsdyk.
3:22 of 3rd period - Goal by James van Riemsdyk - Canucks : 2 - Maple Leafs : 2.
3:23 of 3rd period - Anze Kopitar wins face-off versus Mika Zibanejad in neutral zone.
3:28 of 3rd period - Snap shot by Anze Kopitar.
3:28 of 3rd period - Stopped by Peter Budaj with a rebound.
3:30 of 3rd period - Slapshot by Hampus Lindholm.
3:30 of 3rd period - Stopped by Peter Budaj without a rebound.
3:31 of 3rd period - Mika Zibanejad wins face-off versus Anze Kopitar in Canucks zone.
4:15 of 3rd period - Off-side.
4:16 of 3rd period - Bobby Ryan wins face-off versus Derek Ryan in neutral zone.
4:19 of 3rd period - Jordan Martinook is hit by Mike Hoffman and loses puck.
4:42 of 3rd period - Lars Eller is hit by James van Riemsdyk and loses puck.
4:55 of 3rd period - Oscar Klefbom is hit by Stephen Gionta and loses puck.
5:50 of 3rd period - Wrist shot by Erik Johnson.
5:50 of 3rd period - Stopped by Marc-Andre Fleury without a rebound.
5:51 of 3rd period - Derek Ryan wins face-off versus Anze Kopitar in Maple Leafs zone.
5:52 of 3rd period - Snap shot by Jordan Martinook.
5:52 of 3rd period - Goal by Jordan Martinook - Canucks : 3 - Maple Leafs : 2.
5:53 of 3rd period - Logan Couture wins face-off versus Brandon Sutter in neutral zone.
5:58 of 3rd period - Backhand shot by Nikolaj Ehlers.
5:58 of 3rd period - Stopped by Peter Budaj without a rebound.
5:59 of 3rd period - Ryan Getzlaf wins face-off versus Anze Kopitar in Canucks zone.
6:13 of 3rd period - Snap shot by Ryan Getzlaf.
6:13 of 3rd period - Stopped by Marc-Andre Fleury with a rebound.
6:15 of 3rd period - Slapshot by James van Riemsdyk.
6:15 of 3rd period - Shot Misses the Net.
6:36 of 3rd period - Slapshot by Derek Ryan.
6:36 of 3rd period - Stopped by Marc-Andre Fleury with a rebound.
6:38 of 3rd period - Wrist shot by Matt Calvert.
6:38 of 3rd period - Shot Misses the Net.
6:56 of 3rd period - Snap shot by Mike Hoffman.
6:56 of 3rd period - Stopped by Peter Budaj with a rebound.
7:18 of 3rd period - Slapshot by Mikhail Sergachev.
7:18 of 3rd period - Stopped by Peter Budaj with a rebound.
7:20 of 3rd period - Snap shot by Tom Kostopoulos.
7:20 of 3rd period - Stopped by Peter Budaj without a rebound.
7:21 of 3rd period - Derek Ryan wins face-off versus Travis Zajac in Canucks zone.
7:36 of 3rd period - Snap shot by Travis Zajac.
7:36 of 3rd period - Stopped by Peter Budaj with a rebound.
7:51 of 3rd period - Fredrik Claesson is hit by Alex Petrovic and loses puck.
7:56 of 3rd period - Snap shot by Ryan Getzlaf.
7:56 of 3rd period - Shot Misses the Net.
8:36 of 3rd period - Wrist shot by Mike Hoffman.
8:36 of 3rd period - Shot Misses the Net.
9:22 of 3rd period - Wrist shot by Gustav Nyquist.
9:22 of 3rd period - Stopped by Marc-Andre Fleury with a rebound.
10:01 of 3rd period - Snap shot by Pierre-Edouard Bellemare.
10:01 of 3rd period - Stopped by Marc-Andre Fleury without a rebound.
10:02 of 3rd period - Anze Kopitar wins face-off versus Pierre-Edouard Bellemare in Maple Leafs zone.
10:02 of 3rd period - Anze Kopitar is hit by Tom Pyatt.
10:30 of 3rd period - Icing by Travis Zajac.
10:31 of 3rd period - Ryan Getzlaf wins face-off versus Travis Zajac in Maple Leafs zone.
10:32 of 3rd period - Snap shot by James van Riemsdyk.
10:32 of 3rd period - Stopped by Marc-Andre Fleury with a rebound.
10:34 of 3rd period - Snap shot by Alex Petrovic.
10:34 of 3rd period - Shot Misses the Net.
10:36 of 3rd period - Wrist shot by James van Riemsdyk.
10:36 of 3rd period - Shot Misses the Net.
10:38 of 3rd period - Slapshot by Thomas Hickey.
10:38 of 3rd period - Stopped by Marc-Andre Fleury with a rebound.
10:40 of 3rd period - Snap shot by James van Riemsdyk.
10:40 of 3rd period - Shot Misses the Net.
10:42 of 3rd period - Snap shot by Thomas Hickey.
10:42 of 3rd period - Stopped by Marc-Andre Fleury with a rebound.
10:44 of 3rd period - Slapshot by Alex Petrovic.
10:44 of 3rd period - Shot Blocked by Mike Hoffman.
10:46 of 3rd period - Backhand shot by Thomas Hickey.
10:46 of 3rd period - Deflect By Brandon Sutter.
10:46 of 3rd period - Shot Misses the Net.
10:46 of 3rd period - Puck is out of play.
10:47 of 3rd period - Anze Kopitar wins face-off versus Mika Zibanejad in Maple Leafs zone.
11:16 of 3rd period - Icing by Mike Hoffman.
11:17 of 3rd period - Ryan Getzlaf wins face-off versus Bobby Ryan in Maple Leafs zone.
11:32 of 3rd period - Slapshot by Bobby Ryan.
11:32 of 3rd period - Shot Misses the Net.
11:34 of 3rd period - Snap shot by Mike Hoffman.
11:34 of 3rd period - Shot Blocked by Brandon Sutter.
11:36 of 3rd period - Wrist shot by Bobby Ryan.
11:36 of 3rd period - Shot Misses the Net.
11:38 of 3rd period - Wrist shot by Travis Zajac.
11:38 of 3rd period - Shot Misses the Net.
11:40 of 3rd period - Slapshot by Hampus Lindholm.
11:40 of 3rd period - Shot Misses the Net.
11:42 of 3rd period - Slapshot by Hampus Lindholm.
11:42 of 3rd period - Goal by Hampus Lindholm - Canucks : 3 - Maple Leafs : 3.
11:43 of 3rd period - Anze Kopitar wins face-off versus Mika Zibanejad in neutral zone.
11:58 of 3rd period - Wrist shot by Nikolaj Ehlers.
11:58 of 3rd period - Deflect By Mika Zibanejad.
11:58 of 3rd period - Shot Misses the Net.
11:58 of 3rd period - Puck is out of play.
11:59 of 3rd period - Travis Zajac wins face-off versus Ryan Getzlaf in Canucks zone.
12:06 of 3rd period - Snap shot by Travis Zajac.
12:06 of 3rd period - Stopped by Peter Budaj with a rebound.
12:16 of 3rd period - Hampus Lindholm is hit by James van Riemsdyk.
12:26 of 3rd period - Wrist shot by Blake Wheeler.
12:26 of 3rd period - Shot Misses the Net.
12:28 of 3rd period - Snap shot by Blake Wheeler.
12:28 of 3rd period - Shot Blocked by Logan Couture.
12:30 of 3rd period - Wrist shot by Dan Hamhuis.
12:30 of 3rd period - Deflect By Blake Wheeler.
12:30 of 3rd period - Goal by Blake Wheeler - Canucks : 4 - Maple Leafs : 3.
12:31 of 3rd period - Ryan Getzlaf wins face-off versus Anze Kopitar in neutral zone.
13:23 of 3rd period - Slapshot by Matt Calvert.
13:23 of 3rd period - Shot Blocked by Toby Enstrom.
13:25 of 3rd period - Slapshot by Erik Johnson.
13:25 of 3rd period - Stopped by Marc-Andre Fleury with a rebound.
13:27 of 3rd period - Slapshot by Oscar Klefbom.
13:27 of 3rd period - Shot Blocked by Stephen Gionta.
14:44 of 3rd period - Snap shot by Derek Ryan.
14:44 of 3rd period - Shot Misses the Net.
15:25 of 3rd period - Backhand shot by James van Riemsdyk.
15:25 of 3rd period - Stopped by Marc-Andre Fleury with a rebound.
15:31 of 3rd period - Snap shot by James van Riemsdyk.
15:31 of 3rd period - Stopped by Marc-Andre Fleury without a rebound.
15:32 of 3rd period - Derek Ryan wins face-off versus Travis Zajac in Maple Leafs zone.
16:06 of 3rd period - Snap shot by Travis Zajac.
16:06 of 3rd period - Stopped by Peter Budaj with a rebound.
16:17 of 3rd period - Minor Penalty to Mike Hoffman for Hooking.
16:18 of 3rd period - Ryan Getzlaf wins face-off versus Travis Zajac in Maple Leafs zone.
16:50 of 3rd period - Hampus Lindholm is hit by Erik Johnson and loses puck.
17:12 of 3rd period - Hampus Lindholm is hit by Mika Zibanejad and loses puck.
17:23 of 3rd period - Wrist shot by Bobby Ryan.
17:23 of 3rd period - Stopped by Peter Budaj without a rebound.
17:24 of 3rd period - Derek Ryan wins face-off versus Logan Couture in Canucks zone.
17:33 of 3rd period - Wrist shot by Logan Couture.
17:33 of 3rd period - Shot Misses the Net.
18:11 of 3rd period - Snap shot by Anze Kopitar.
18:11 of 3rd period - Shot Misses the Net.
18:13 of 3rd period - Slapshot by Hampus Lindholm.
18:13 of 3rd period - Stopped by Peter Budaj with a rebound.
18:17 of 3rd period - Penalty to Mike Hoffman is over, Mike Hoffman is back on ice.
19:01 of 3rd period - Slapshot by Jordan Martinook.
19:01 of 3rd period - Shot Blocked by Mikhail Sergachev.
19:07 of 3rd period - Brandon Sutter is hit by Luke Schenn and loses puck.
19:10 of 3rd period - Maple Leafs, Marc-Andre Fleury is pulled from the net.
19:14 of 3rd period - Snap shot by Anze Kopitar.
19:14 of 3rd period - Deflect By Logan Couture.
19:14 of 3rd period - Shot Hit the Post.
19:14 of 3rd period - Puck is out of play.
19:15 of 3rd period - Peter Laviolette call a timeout for Maple Leafs.
19:15 of 3rd period - Ryan Getzlaf wins face-off versus Mike Hoffman in Canucks zone.
19:34 of 3rd period - Slapshot by Ryan Getzlaf.
19:34 of 3rd period - Goal by Ryan Getzlaf - Canucks : 5 - Maple Leafs : 3.
19:34 of 3rd period - Marc-Andre Fleury from Maple Leafs was sent back in the game.
19:35 of 3rd period - Lars Eller wins face-off versus Derek Ryan in neutral zone.
Goals for this period are 4 for Canucks vs 1 for Maple Leafs.
Shots for this period are 16 for Canucks vs 13 for Maple Leafs.